PCL
HOUSTON HAMMERTIME @ MILE HIGH BRONCOS
04/08/2027
 
TOP OF THE 1ST
Houston Hammertime batting - Pitching for Mile High Broncos : LHP Juan Garza
Pitching: LHP Juan Garza
Batting: RHB Dan Mason 0-0: Called Strike
0-1: Ball
1-1: Ball
2-1: Swinging Strike
2-2: Ball
3-2: Base on Balls
Batting: RHB Aaron Wilson 0-0: Fly out, F7 (Flyball, 7S)
Batting: LHB Tom Baker 0-0: Ball
1-0: Ball
2-0: Ball
3-0: Base on Balls
Dan Mason to second
Batting: LHB Juan Cabañas 0-0: Ball
1-0: Ball
2-0: Ball
3-0: Called Strike
3-1: Base on Balls
Dan Mason to third
Tom Baker to second
Batting: LHB Pat Jones 0-0: Ball
1-0: SINGLE (Line Drive, 89S)
Dan Mason scores
Tom Baker to third
Juan Cabañas to second
Runner from 3rd tries for Home, throw and OUT!
Batting: LHB Bill Murphy 0-0: Ball
1-0: Swinging Strike
1-1: Foul Ball, location: 2F
1-2: Ball
2-2: Foul Ball, location: 2F
2-2: Ground out 6-3 (Groundball, 6)
Top of the 1st over - 1 run(s), 1 hit(s), 0 error(s), 2 left on base; Houston 1 - Mile High 0
BOTTOM OF THE 1ST
Mile High Broncos batting - Pitching for Houston Hammertime : RHP António Galindo
Pitching: RHP António Galindo
Batting: LHB Ernesto López 0-0: TRIPLE (Flyball, 89XD)
Batting: SHB Tom Stevens 0-0: Called Strike
0-1: Swinging Strike
0-2: Ball
1-2: Strikes out swinging
Batting: LHB Mark Everett 0-0: Fly out, F9 (Flyball, 9S)
Runner from 3rd tags up, SCORES, throw made
Batting: RHB David Moran 0-0: Ball
1-0: Ground out U3 (Groundball, 34)
Bottom of the 1st over - 1 run(s), 1 hit(s), 0 error(s), 0 left on base; Houston 1 - Mile High 1
TOP OF THE 2ND
Houston Hammertime batting - Pitching for Mile High Broncos : LHP Juan Garza
Batting: LHB John Robbins 0-0: Ball
1-0: Ball
2-0: Ground out U3 (Groundball, 3)
Batting: LHB Fernando Camacho 0-0: Ball
1-0: Called Strike
1-1: Ground out U3 (Groundball, 34S)
Batting: RHB Alberto Chávez 0-0: Foul Ball, location: 2F
0-1: Foul Ball, location: 2F
0-2: Ball
1-2: Ball
2-2: Strikes out swinging
Top of the 2nd over - 0 run(s), 0 hit(s), 0 error(s), 0 left on base; Houston 1 - Mile High 1
BOTTOM OF THE 2ND
Mile High Broncos batting - Pitching for Houston Hammertime : RHP António Galindo
Batting: RHB Rodney González 0-0: Called Strike
0-1: SINGLE (Line Drive, 7LS)
Batting: RHB Richard Bankhead 0-0: Ball
1-0: Foul Ball, location: 2F
1-1: Ball
2-1: Fly out, F8 (Flyball, 8LXD)
Batting: RHB Edward Williams 0-0: Ball
Rodney González is caught stealing 2nd base
1-0: Called Strike
1-1: Ground out 1-3 (Groundball, 13)
Bottom of the 2nd over - 0 run(s), 1 hit(s), 0 error(s), 0 left on base; Houston 1 - Mile High 1
TOP OF THE 3RD
Houston Hammertime batting - Pitching for Mile High Broncos : LHP Juan Garza
Batting: RHB Dan Mason 0-0: Called Strike
0-1: Foul Ball, location: 2F
0-2: Foul Ball, location: 2F
0-2: Ball
1-2: SINGLE (Groundball, 6MD)
Batting: RHB Aaron Wilson 0-0: Ball
1-0: Called Strike
1-1: Ball
2-1: Foul Ball, location: 2F
2-2: Foul Ball, location: 2F
2-2: Ball
3-2: Foul Ball, location: 2F
3-2: Base on Balls
Dan Mason to second
Batting: LHB Tom Baker 0-0: Fly out, F7 (Flyball, 7D)
Runner from 2nd tags up, SAFE at 3rd, no throw
Batting: LHB Juan Cabañas 0-0: Ball
Aaron Wilson steals 2nd base
1-0: Ball
2-0: Foul Ball, location: 2F
2-1: Ball
3-1: Foul Ball, location: 2F
3-2: Base on Balls
Batting: LHB Pat Jones 0-0: Fly out, F9 (Flyball, 89M)
Runner from 3rd tags up, SCORES, no throw
Batting: LHB Bill Murphy 0-0: Ball
1-0: Ball
2-0: Ball
3-0: Called Strike
3-1: Base on Balls
Aaron Wilson to third
Juan Cabañas to second
Batting: LHB John Robbins 0-0: Called Strike
0-1: SINGLE (Groundball, 4MD)
Aaron Wilson scores
Juan Cabañas to third
Bill Murphy to second
Runner from 3rd tries for Home, SAFE, no throw
Batting: LHB Fernando Camacho 0-0: Ball
1-0: Ball
2-0: Swinging Strike
2-1: Ball
3-1: Fly out, F2 (Popup, 25)
Top of the 3rd over - 3 run(s), 2 hit(s), 0 error(s), 2 left on base; Houston 4 - Mile High 1
BOTTOM OF THE 3RD
Mile High Broncos batting - Pitching for Houston Hammertime : RHP António Galindo
Batting: LHB Don Hull 0-0: Ball
1-0: Ball
2-0: Foul Ball, location: 2F
2-1: Called Strike
2-2: Strikes out swinging
Batting: RHB Evan Robinson 0-0: Ball
1-0: Called Strike
1-1: Ball
2-1: Ball
3-1: Base on Balls
Batting: LHB Ernesto López 0-0: DOUBLE (Flyball, 8LD)
Evan Robinson to third
Batting: SHB Tom Stevens 0-0: Swinging Strike
0-1: SINGLE (Flyball, 8LS)
Evan Robinson scores
Ernesto López to third
Runner from 3rd tries for Home, SAFE, no throw
Batting: LHB Mark Everett 0-0: Ball
1-0: 2-RUN HOME RUN (Flyball, 7LD), Distance : 369 ft
Batting: RHB David Moran 0-0: Hit by Pitch
Batting: RHB Rodney González 0-0: Ball
1-0: Called Strike
1-1: Called Strike
1-2: Ball
2-2: Ball
3-2: Base on Balls
David Moran to second
Batting: RHB Richard Bankhead 0-0: Called Strike
0-1: Called Strike
0-2: Strikes out swinging
Batting: RHB Edward Williams 0-0: Ball
1-0: SINGLE (Line Drive, 56D)
David Moran to third
Rodney González to second
Runner from 3rd tries for Home, SAFE, no throw
Batting: LHB Don Hull 0-0: Called Strike
0-1: Called Strike
0-2: Ball
1-2: Foul Ball, location: 2F
1-2: Foul Ball, location: 2F
1-2: Foul Ball, location: 2F
1-2: SINGLE (Line Drive, 4D)
Rodney González to third
Edward Williams to second
Batting: RHB Evan Robinson 0-0: Fly out, F7 (Flyball, 7D)
Bottom of the 3rd over - 5 run(s), 5 hit(s), 0 error(s), 3 left on base; Houston 4 - Mile High 6
TOP OF THE 4TH
Houston Hammertime batting - Pitching for Mile High Broncos : LHP Juan Garza
Batting: RHB Alberto Chávez 0-0: Ball
1-0: Called Strike
1-1: Ball
2-1: Foul Ball, location: 2F
2-2: Ball
3-2: Strikes out swinging
Batting: RHB Dan Mason 0-0: SINGLE (Groundball, 3D)
Batting: RHB Aaron Wilson 0-0: Ball
1-0: Ball
2-0: SINGLE (Flyball, 8LS)
Dan Mason to second
Batting: LHB Tom Baker 0-0: Ball
Dan Mason steals 3rd base
Aaron Wilson to second
1-0: Called Strike
1-1: Ball
2-1: Ball
3-1: SINGLE (Line Drive, 89S)
Dan Mason scores
Aaron Wilson to third
Runner from 3rd tries for Home, SAFE, no throw
Batting: LHB Juan Cabañas 0-0: Foul Ball, location: 2F
0-1: Ball
1-1: Foul Ball, location: 2F
1-2: Fielders Choice at 2nd, 4-6 (Groundball, 4)
Batting: LHB Pat Jones 0-0: Ball
1-0: Foul Ball, location: 2F
1-1: Ground out 3-1 (Groundball, 23)
Top of the 4th over - 2 run(s), 3 hit(s), 0 error(s), 1 left on base; Houston 6 - Mile High 6
BOTTOM OF THE 4TH
Mile High Broncos batting - Pitching for Houston Hammertime : RHP António Galindo
Batting: LHB Ernesto López 0-0: Ball
1-0: Ball
2-0: Ball
3-0: Called Strike
3-1: Base on Balls
Batting: SHB Tom Stevens 0-0: Ball
Ernesto López steals 2nd base
1-0: Called Strike
1-1: Ball
2-1: Foul Ball, location: 2F
2-2: Ground out 4-3 (Groundball, 4M)
Ernesto López to third
Batting: LHB Mark Everett 0-0: SINGLE (Flyball, 8LS)
Ernesto López scores
Pitching: RHP Jacob Miller
Batting: RHB David Moran 0-0: Foul Ball, location: 2F
0-1: Foul Ball, location: 2F
0-2: Foul Ball, location: 2F
0-2: Ball
1-2: Foul Ball, location: 2F
1-2: Foul Ball, location: 2F
1-2: Foul Ball, location: 2F
1-2: Fly out, F9 (Flyball, 9D)
Batting: RHB Rodney González 0-0: Swinging Strike
0-1: Ball
1-1: DOUBLE (Line Drive, 89M)
Mark Everett to third
Runner from 3rd tries for Home, SAFE, no throw
Batting: RHB Richard Bankhead 0-0: Ball
1-0: SINGLE (Flyball, 9LM)
Rodney González to third
Runner from 3rd tries for Home, SAFE, no throw
Batting: RHB Edward Williams 0-0: Ball
1-0: Foul Ball, location: 2F
1-1: Ball
2-1: Swinging Strike
2-2: Strikes out looking
Bottom of the 4th over - 3 run(s), 3 hit(s), 0 error(s), 1 left on base; Houston 6 - Mile High 9
TOP OF THE 5TH
Houston Hammertime batting - Pitching for Mile High Broncos : LHP Juan Garza
Pitching: LHP Robin Wilder
Batting: LHB Bill Murphy 0-0: Called Strike
0-1: Swinging Strike
0-2: Ball
1-2: Ground out U3 (Groundball, 34)
Batting: LHB John Robbins 0-0: Foul Ball, location: 2F
0-1: SINGLE (Line Drive, 5)
Batting: LHB Fernando Camacho 0-0: Ball
1-0: Called Strike
1-1: Grounds into double play, 4-6-3 (Groundball, 4)
Top of the 5th over - 0 run(s), 1 hit(s), 0 error(s), 0 left on base; Houston 6 - Mile High 9
BOTTOM OF THE 5TH
Mile High Broncos batting - Pitching for Houston Hammertime : RHP Jacob Miller
Batting: LHB Don Hull 0-0: Ball
1-0: Foul Ball, location: 2F
1-1: Foul Ball, location: 2F
1-2: Strikes out looking
Batting: RHB Evan Robinson 0-0: Called Strike
0-1: Fly out, F8 (Flyball, 8LM)
Batting: LHB Ernesto López 0-0: Called Strike
0-1: Ball
1-1: Foul Ball, location: 2F
1-2: Ball
2-2: Ball
3-2: Foul Ball, location: 2F
3-2: Base on Balls
Batting: SHB Tom Stevens 0-0: Ball
1-0: Ball
2-0: 2-RUN HOME RUN (Line Drive, 9D), Distance : 396 ft
Batting: LHB Mark Everett 0-0: Called Strike
0-1: Ball
1-1: Ball
2-1: Foul Ball, location: 2F
2-2: Fly out, F8 (Flyball, 78M)
Bottom of the 5th over - 2 run(s), 1 hit(s), 0 error(s), 0 left on base; Houston 6 - Mile High 11
TOP OF THE 6TH
Houston Hammertime batting - Pitching for Mile High Broncos : LHP Robin Wilder
Batting: RHB Alberto Chávez 0-0: Foul Ball, location: 2F
0-1: Foul Ball, location: 2F
0-2: Ball
1-2: Strikes out swinging
Batting: RHB Dan Mason 0-0: Called Strike
0-1: Fly out, F7 (Flyball, 7S)
Batting: RHB Aaron Wilson 0-0: Foul Ball, location: 2F
0-1: SINGLE (Line Drive, 6MD)
Batting: LHB Tom Baker 0-0: Fly out, F9 (Flyball, 89XD)
Top of the 6th over - 0 run(s), 1 hit(s), 0 error(s), 1 left on base; Houston 6 - Mile High 11
BOTTOM OF THE 6TH
Mile High Broncos batting - Pitching for Houston Hammertime : RHP Jacob Miller
Pitching: LHP Dan Snyder
Batting: RHB David Moran 0-0: Ball
1-0: Swinging Strike
1-1: Called Strike
1-2: Foul Ball, location: 2F
1-2: Ground out 4-3 (Groundball, 4)
Batting: RHB Rodney González 0-0: Called Strike
0-1: Called Strike
0-2: Ball
1-2: Ball
2-2: SINGLE (Line Drive, 4MD)
Batting: RHB Richard Bankhead 0-0: Foul Ball, location: 2F
0-1: Ball
1-1: Foul Ball, location: 2F
1-2: Ball
2-2: Foul Ball, location: 2F
2-2: Fly out, F2 (Popup, 23)
Batting: RHB Edward Williams 0-0: SINGLE (Line Drive, 6D)
Rodney González to second
Batting: LHB Don Hull 0-0: Ball
1-0: Called Strike
1-1: Foul Ball, location: 2F
1-2: Ball
2-2: SINGLE (Line Drive, 89M)
Rodney González to third
Edward Williams to second
Runner from 3rd tries for Home, SAFE, no throw
Batting: RHB Evan Robinson 0-0: Fly out, F5 (Line Drive, 5)
Bottom of the 6th over - 1 run(s), 3 hit(s), 0 error(s), 2 left on base; Houston 6 - Mile High 12
TOP OF THE 7TH
Houston Hammertime batting - Pitching for Mile High Broncos : LHP Robin Wilder
Batting: LHB Juan Cabañas 0-0: Foul Ball, location: 2F
0-1: Ball
1-1: Called Strike
1-2: Ball
2-2: Fly out, F3 (Popup, 34)
Batting: LHB Pat Jones 0-0: Ball
1-0: Ball
2-0: Foul Ball, location: 2F
2-1: Ball
3-1: Base on Balls
Batting: LHB Bill Murphy 0-0: Foul Ball, location: 2F
0-1: Swinging Strike
0-2: Foul Ball, location: 2F
0-2: Ball
1-2: Ball
2-2: Strikes out swinging
Batting: LHB John Robbins 0-0: Called Strike
0-1: Foul Ball, location: 2F
0-2: Fly out, F7 (Flyball, 7LM)
Top of the 7th over - 0 run(s), 0 hit(s), 0 error(s), 1 left on base; Houston 6 - Mile High 12
BOTTOM OF THE 7TH
Mile High Broncos batting - Pitching for Houston Hammertime : LHP Dan Snyder
Batting: LHB Ernesto López 0-0: Called Strike
0-1: Called Strike
0-2: TRIPLE (Flyball, 9LD)
Batting: SHB Tom Stevens 0-0: Foul Ball, location: 2F
0-1: Ball
1-1: Ball
2-1: SINGLE (Line Drive, 56D)
Ernesto López scores
Batting: LHB Mark Everett 0-0: Called Strike
0-1: SINGLE (Flyball, 6MD)
Tom Stevens to second
Batting: RHB David Moran 0-0: Ball
1-0: Called Strike
1-1: Called Strike
1-2: Foul Ball, location: 2F
1-2: Ball
2-2: Grounds into double play, 4-6-3 (Groundball, 4)
Tom Stevens to third
Batting: RHB Rodney González 0-0: Ball
1-0: Swinging Strike
1-1: Ball
2-1: Fly out, F9 (Line Drive, 89D)
Bottom of the 7th over - 1 run(s), 3 hit(s), 0 error(s), 1 left on base; Houston 6 - Mile High 13
TOP OF THE 8TH
Houston Hammertime batting - Pitching for Mile High Broncos : LHP Robin Wilder
Now at 3B: Paco Martínez
Batting: LHB Fernando Camacho 0-0: Called Strike
0-1: Ball
1-1: Foul Ball, location: 2F
1-2: Fly out, F3 (Line Drive, 3L)
Batting: RHB Alberto Chávez 0-0: Swinging Strike
0-1: Ball
1-1: Ball
2-1: Foul Ball, location: 2F
2-2: Foul Ball, location: 2F
2-2: Foul Ball, location: 2F
2-2: Strikes out swinging
Batting: RHB Dan Mason 0-0: Ball
1-0: Called Strike
1-1: Ball
2-1: Fly out, F6 (Popup, 4M)
Top of the 8th over - 0 run(s), 0 hit(s), 0 error(s), 0 left on base; Houston 6 - Mile High 13
BOTTOM OF THE 8TH
Mile High Broncos batting - Pitching for Houston Hammertime : LHP Dan Snyder
Batting: RHB Richard Bankhead 0-0: Ball
1-0: Ball
2-0: Called Strike
2-1: Swinging Strike
2-2: Strikes out swinging
Batting: RHB Edward Williams 0-0: Called Strike
0-1: Ball
1-1: Swinging Strike
1-2: Foul Ball, location: 2F
1-2: Ball
2-2: Ground out U3 (Groundball, 34)
Batting: LHB Don Hull 0-0: Called Strike
0-1: Ball
1-1: Called Strike
1-2: Strikes out swinging
Bottom of the 8th over - 0 run(s), 0 hit(s), 0 error(s), 0 left on base; Houston 6 - Mile High 13
TOP OF THE 9TH
Houston Hammertime batting - Pitching for Mile High Broncos : LHP Robin Wilder
Batting: RHB Aaron Wilson 0-0: Ball
1-0: Ground out 5-3 (Groundball, 56S)
Batting: LHB Tom Baker 0-0: Called Strike
0-1: Foul Ball, location: 2F
0-2: Foul Ball, location: 2F
0-2: Ball
1-2: Ground out 4-3 (Groundball, 4)
Pinch Hitting: RHB Domingo Matos 0-0: Ball
1-0: Called Strike
1-1: Swinging Strike
1-2: Ball
2-2: Ball
3-2: Base on Balls
Batting: LHB Pat Jones 0-0: Ball
1-0: Fielders Choice at 2nd, 6-4 (Groundball, 6)
Top of the 9th over - 0 run(s), 0 hit(s), 0 error(s), 0 left on base; Houston 6 - Mile High 13
Thursday, March 30th, 2017 - OOTP Baseball 17.12 Build 75